 Dungeon Crawl Stone Soup version 0.31-a0-1091-g283494c966 (webtiles) character file.

Game seed: 9200281323869685343

938 Dirtsage the Changeling (level 8, -13/54 HPs)
             Began as an Octopode Shapeshifter on Nov 28, 2023.
             Was an Initiate of Gozag.
             Mangled by an ogre
             ... wielding a +0 giant club
              (35 damage)
             ... on level 5 of the Dungeon.
             The game lasted 00:06:53 (3742 turns).

Dirtsage the Changeling (Octopode Shapeshifter)     Turns: 3742, Time: 00:06:54

Health: -13/54     AC:  1    Str: 15    XL:     8   Next: 12%
Magic:  8/8        EV: 13    Int: 13    God:    Gozag
Gold:   556        SH:  0    Dex: 11    Spells: 2/7 levels left

rFire   . .          .
                       - Unarmed
rCold   . . .        (no shield)
rNeg    . . .        (helmet currently unavailable)
rPois   .            (no amulet)
rElec   .            (no ring)
rCorr   .            (no ring)
SInv    .            (no ring)
Will    .....        (no ring)
Stlth   ++           (no ring)
HPRegen 0.29/turn    (no ring)
MPRegen 0.11/turn    (no ring)
                     (no ring)

%: no passive effects
@: beast-form
A: beast (slay +3), almost no armour, amphibious, 8 rings, camouflage 1,
gelatinous body 1, (nimble swimmer 1), tentacles
a: Begin Untransformation, Renounce Religion, Potion Petition, Call Merchant,
Bribe Branch


You were on level 5 of the Dungeon.
You worshipped Gozag.
Gozag was pleased with you.
You were a hulking beast.
You visited 2 branches of the dungeon, and saw 6 of its levels.

You collected 579 gold pieces.
You paid 23 gold pieces to Gozag.

Inventory:

Talismans
 b - a beast talisman
 c - a flux talisman
 e - a beast talisman
Wands
 q - a wand of acid (6)
Scrolls
 d - a scroll of torment {unknown}
 g - a scroll of revelation {unknown}
 h - a scroll of vulnerability {unknown}
 i - 4 scrolls of poison
 m - 3 scrolls of enchant armour {unknown}
 n - a scroll of identify {unknown}
 p - a scroll of noise {unknown}
 r - a scroll of fog {unknown}
 s - a scroll of immolation {unknown}
 t - 3 scrolls of teleportation
Potions
 a - a potion of lignification
 f - 2 potions of brilliance {unknown}
 j - a potion of might {unknown}
 k - a potion of berserk rage {unknown}
 l - a potion of attraction {unknown}
 o - a potion of resistance {unknown}
 u - a potion of curing {unknown}


   Skills:
 + Level 4.2 Fighting
 - Level 2.0 Dodging
 + Level 5.2 Unarmed Combat
 + Level 2.2 Transmutations
 * Level 6.3 Shapeshifting


You had 2 spell levels left.
You knew the following spells:

 Your Spells              Type           Power      Damage    Failure   Level
a - Wereblood             Tmut           5%         N/A       19%         2
b - Frozen Ramparts       Ice            0%         1d1       67%         3

Your spell library contained the following spells:

 Spells                   Type           Power      Damage    Failure   Level
 Freeze                   Ice            0%         1d3       30%         1
 Hailstorm                Conj/Ice       0%         3d3       67%         3
 Irradiate                Conj/Tmut      1%         3d12      99%         5


Dungeon Overview and Level Annotations

Branches:
Dungeon (5/15)             Temple (1/1) D:4

Altars:
Cheibriados
Elyvilon
Gozag
Hepliaklqana
Makhleb
Nemelex Xobeh
Okawaru
Qazlal
Ru
Sif Muna
Trog
Uskayaw
Vehumet
Wu Jian
Xom
Yredelemnul
Zin


Innate Abilities, Weirdness & Mutations

You are a hulking beast.
Your limbs bulge with bestial killing power. (Slay +3)
You cannot wear most types of armour.
You are amphibious.
You can wear up to eight rings at the same time.
Your skin changes colour to match your surroundings (Stealth+).
Your rubbery body absorbs attacks. (AC +1, EV +1)
((You are camouflaged when in or above water. (Stealth+)))
You have tentacles for arms and can constrict up to eight enemies at once.


Message History

You take 5 damage, and have 46/54 hp.
You tentacle-slap the jelly.
You kill the jelly!
The adder hisses angrily.
You see here 6 gold pieces.
An adder is nearby!
The adder bites you but does no damage.
You bludgeon the adder! Your grab misses the adder. You squeeze the adder.
You kill the adder!
No target in view!
No target in view!
You now have 550 gold pieces (gained 5).
m - 3 scrolls labelled AJORPH JAPIS (gained 1)
You now have 556 gold pieces (gained 6).
An ogre comes into view. It is wielding a +0 giant club.
The ogre moves out of view.
Health restored: 54 No target in view!
You tentacle-slap the ogre.
The ogre is lightly wounded.
The ogre closely misses you.
You tentacle-slap the ogre.
The ogre is moderately wounded.
The ogre hits you with a +0 giant club!!
Ouch! That really hurt!
You take 33 damage, and have 21/54 hp.
MASSIVE DAMAGE!!
You are too injured to fight recklessly!
You barely miss the ogre.
The ogre is moderately wounded.
You tentacle-slap the ogre. You squeeze the ogre.
The ogre is heavily wounded.
The ogre barely misses you.
You tentacle-slap the ogre but do no damage.
The ogre is heavily wounded.
You bludgeon the ogre! Your squeeze misses the ogre.
The ogre is almost dead.
The ogre hits you with a +0 giant club!!
Ouch! That really hurt!
You die...
Your body crumbles into a pile of gold.

#####....######.#
#. #...........#
## #....#####..#
#>...# ..#
#....#####
#........# #
#....###.# .#
###### #.#..# ##
#hO..# #. ##...#
#) ..)# #. .#.#
########. .#.#
#........ .. .
#........ .. ..
#........ .. .#
########. #.


You could see an ogre.

Vanquished Creatures
  A black bear (D:4)
  2 ogres (D:4)
  A gnoll sergeant (D:5)
  2 scorpions
  3 hounds
  2 jellies
  A gnoll bouda (D:4)
  4 orc wizards
  10 gnolls
  4 adders
  A white imp (D:5)
  3 dart slugs
  7 orcs
  5 bats (D:1)
  4 endoplasms
  4 giant cockroaches
  3 goblins
  5 hobgoblins
  2 jackals (D:4)
  3 kobolds
  8 quokkas
  7 ball pythons
  A frilled lizard (D:1)
  7 rats
90 creatures vanquished.

Notes
Turn   | Place    | Note
-------+----------+-------------------------------------------
     0 | D:1      | Dirtsage the Octopode Shapeshifter began the quest for the
                  | Orb.
     0 | D:1      | Reached XP level 1. HP: 13/13 MP: 1/1
    75 | D:1      | Reached XP level 2. HP: 18/18 MP: 2/2
   280 | D:1      | Reached XP level 3. HP: 23/23 MP: 3/3
  1037 | D:3      | Found a shimmering altar of Xom.
  1054 | D:3      | Found a stormy altar of Qazlal.
  1057 | D:3      | Found a sacrificial altar of Ru.
  1057 | D:3      | Found a shimmering blue altar of Sif Muna.
  1064 | D:3      | Found an opulent altar of Gozag.
  1068 | D:3      | Became a worshipper of Gozag Ym Sagoz the Greedy
  1279 | D:3      | Found a faded altar of an unknown god.
  1353 | D:3      | Reached skill level 4 in Shapeshifting
  1353 | D:3      | Reached XP level 4. HP: 22/29 MP: 4/4
  1468 | D:3      | Noticed a scorpion
  1476 | D:3      | Killed a scorpion
  1477 | D:3      | Reached XP level 5. HP: 13/35 MP: 5/5
  1903 | D:4      | Reached XP level 6. HP: 37/41 MP: 6/6
  1961 | D:4      | Noticed a black bear
  1970 | D:4      | Killed a black bear
  1971 | D:4      | Reached skill level 5 in Shapeshifting
  2312 | D:4      | Found an iron altar of Okawaru.
  2766 | D:4      | Reached XP level 7. HP: 38/46 MP: 7/7
  2769 | D:4      | Learned a level 2 spell: Wereblood
  2830 | D:4      | Found a staircase to the Ecumenical Temple.
  2858 | Temple   | Entered the Ecumenical Temple
  3002 | D:4      | Reached skill level 1 in Transmutations
  3217 | D:5      | Entered Level 5 of the Dungeon
  3333 | D:5      | Reached skill level 5 in Unarmed Combat
  3333 | D:5      | Reached skill level 6 in Shapeshifting
  3522 | D:5      | Reached XP level 8. HP: 44/54 MP: 8/8
  3676 | D:5      | Learned a level 3 spell: Frozen Ramparts
  3742 | D:5      | Mangled by an ogre

Illustrated notes

Levels and vault maps discovered:
D:1:      enne_arrival_octagon_isle, layout_rooms
D:2:      layout_loops_cross, minmay_3d_cube
D:3:      kennysheep_six_static_rooms, layout_rooms,
          nicolae_overflow_hallway_of_the_gods,
          hellmonk_ecumenical_altar_arch_garden, kennysheep_cluttered_room
D:4:      layout_loops_cross, hellmonk_okawaru_the_only_friend_you_need,
          minmay_temple_entry_waves, kennysheep_generic_room_8
D:5:      layout_basic
Temple:   jpeg_temple_clearing

Skill      XL: |  1  2  3  4  5  6  7 |
---------------+----------------------+-----
Fighting       | 2 3 4 |  4.2
Shapeshifting  | 4 5 6 |  6.3
Unarmed Combat | 4 5 |  5.2
Transmutations | 2 |  2.2
Dodging        | |  2.0

Action                     |  1- 3 |  4- 6 |  7- 9 || total
---------------------------+-------+-------+-------++-------
  Melee: Unarmed           |    64 |    69 |    67 ||   200
         Tentacles         |    10 |    12 |    14 ||    36
         Constrict         |    12 |    16 |    19 ||    47
         Punch             |       |       |     4 ||     4
   Cast: Wereblood         |       |       |     1 ||     1
  Evoke: Wand              |       |       |     1 ||     1
    Use: Scroll            |       |     2 |       ||     2
         Potion            |       |     1 |       ||     1
   Stab: Sleeping          |    11 |     3 |     3 ||    17
         Distracted        |       |     1 |     1 ||     2
 Armour: Skin              |    11 |    38 |    27 ||    76
  Dodge: Dodged            |    30 |    27 |    27 ||    84

Table legend: (Time is in decaauts)
 A = Elapsed time spent in this place.
 B = Non-inter-level travel time spent in this place.
 C = Inter-level travel time spent in this place.
 D = Time resting spent in this place.
 E = Time spent auto-exploring this place.
 F = Levels seen in this place.
 G = Mean time per level.
                   A        B        C        D        E       F      G
               +--------+--------+--------+--------+--------+-----+--------+
         Total |   3726 |   3639 |     87 |    399 |   2712 |   6 |  621.0 |
       Dungeon |   3725 |   3639 |     86 |    399 |   2712 |   5 |  745.0 |
        Temple |      1 |      0 |      1 |      0 |      0 |   1 |    1.0 |
               +--------+--------+--------+--------+--------+-----+--------+

Top non-repeatable levels by time:
     D:4: 1376 daAuts
     D:3: 833 daAuts
     D:2: 561 daAuts
     D:5: 520 daAuts
     D:1: 434 daAuts
  Temple: 1 daAuts
